Map: [ESL] Amphion

Players

ByuN

  • Race: Terran Terran
  • Spawn Location: 11:00

HeroMarine - Winner!

  • Race: Terran Terran
  • Spawn Location: 7:00

Event: ESL Spring 2024 Finals

VOD

Have the link to the VOD?

Description

Time

  • Played on: June 1, 2024, 2:25 p.m.
  • Length: 15:21

All games in this series

Show
View Real Time Build Order
Export as new Build Order

ByuN Terran 

Build Orders: Cyclone Opening 

Get SALT Encoding   

  12  0:00  SCV  
  13  0:12  SCV  
  14  0:17  Supply Depot  
  14  0:24  SCV  
  15  0:38  SCV  
  15  0:39  Barracks  
  16  0:43  Refinery  
  16  0:50  SCV  
  16  0:54  Refinery  
  17  1:03  SCV  
  18  1:15  SCV  
  19  1:26  Reaper  
  19  1:28  Orbital Command  
  20  1:33  Supply Depot  
  20  1:42  Factory  
  20  1:54  SCV  
  20  1:59  Reaper  
  22  2:06  SCV  
  23  2:18  SCV  
  23  2:22  Command Center  
  24  2:28  Cyclone  
  26  2:31  SCV  
  27  2:39  Starport  
  27  2:46  SCV  
  27  2:47  Barracks Reactor  
  28  2:52  Supply Depot  
  29  2:58  SCV  
  29  3:01  Factory Tech Lab  
  29  3:10  SCV  
  30  3:17  Medivac  
  32  3:22  SCV  
  32  3:24  Marine x2  
  35  3:31  Siege Tank  
  38  3:34  Orbital Command, SCV  
  39  3:41  Marine x2, Refinery  
  41  3:48  Viking  
  41  3:50  SCV  
  41  3:55  Supply Depot  
  44  3:59  Marine x2  
  46  4:03  SCV  
  46  4:04  SCV  
  51  4:10  Siege Tank  
  51  4:17  SCV  
  52  4:28  Supply Depot, SCV  
  52  4:29  SCV  
  52  4:37  Marine  
  52  4:38  Viking x2  
  55  4:40  SCV  
  55  4:41  SCV  
  62  4:45  Siege Tank  
  62  4:51  Supply Depot  
  62  4:52  SCV  
  63  4:54  SCV, Marine  
  65  5:05  SCV  
  65  5:06  SCV  
  67  5:08  Viking  
  67  5:11  Refinery  
  67  5:12  Marine  
  67  5:13  Viking  
  72  5:18  SCV  
  73  5:22  SCV  
  73  5:24  Siege Tank  
  77  5:30  SCV  
  76  5:43  Liberator  
  76  5:46  SCV x2  
  75  5:50  Supply Depot  
  75  5:54  Command Center  
  75  5:56  Siege Tank  
  75  6:02  Barracks Tech Lab  
  75  6:03  SCV  
  75  6:04  SCV  
  77  6:12  Barracks  
  77  6:14  Barracks  
  77  6:15  Supply Depot  
  77  6:16  SCV x2  
  79  6:22  Marine  
  80  6:28  Engineering Bay  
  80  6:29  Engineering Bay  
  77  6:33  SCV x2  
  72  6:40  Marine  
  72  6:45  SCV x2  
  73  6:52  Siege Tank  
  76  6:57  SCV x2  
  76  6:58  Marine  
  76  6:59  Terran Infantry Weapons Level 1  
  76  7:02  Terran Infantry Armor Level 1  
  76  7:09  Marine x2  
  76  7:10  SCV x2, Starport Reactor  
  63  7:16  Marine  
  63  7:22  SCV x2  
  53  7:34  SCV x2  
  53  7:37  Barracks Reactor x2  
  55  7:38  Barracks Tech Lab x2  
  55  7:46  SCV x2  
  57  7:53  Orbital Command  
  57  7:54  Marine  
  57  7:55  Marine  
  57  7:56  Marine x2  
  57  7:58  Stimpack  
  61  7:59  Barracks x2  
  61  8:00  SCV  
  61  8:02  SCV  
  63  8:07  Combat Shield  
  63  8:09  Orbital Command  
  63  8:12  SCV  
  63  8:14  SCV  
  62  8:24  SCV  
  62  8:26  SCV  
  62  8:36  SCV  
  62  8:37  Marine x4  
  62  8:38  SCV  
  62  8:41  Refinery  
  65  8:42  SCV, Refinery  
  68  8:48  SCV  
  68  8:50  SCV  
  68  8:51  Missile Turret  
  68  8:54  SCV, Marine x2  
  73  8:57  Marine x2  
  73  8:59  Barracks Reactor x2  
  73  9:01  SCV  
  73  9:02  SCV  
  75  9:05  Supply Depot, Siege Tank  
  75  9:06  SCV  
  79  9:12  Marine x2  
  79  9:15  Marine x2  
  83  9:19  Orbital Command  
  83  9:21  Medivac  
  83  9:23  SCV x2  
  87  9:26  Supply Depot  
  87  9:30  Marine x2  
  89  9:32  Marine x2  
  89  9:33  Supply Depot, Armory  
  89  9:34  Marine  
  89  9:35  Marine  
  93  9:42  Siege Tank  
  93  9:43  Sensor Tower  
  93  9:44  Marine  
  97  9:48  Marine  
  97  9:50  Marine  
  96  9:53  Marine  
  96  9:54  Marine x4  
  96  9:59  SCV  
  100  10:02  Marine  
  100  10:03  SCV x2  
  100  10:06  Marine  
  104  10:08  Marine  
  104  10:11  SCV, Marine  
  107  10:15  SCV, Marine x2  
  107  10:16  Marine x2  
  107  10:20  Marine  
  113  10:27  Medivac  
  113  10:28  Medivac  
  117  10:31  Marine x2  
  117  10:34  Marine  
  117  10:35  Marine x2  
  120  10:37  Marine x3  
  120  10:40  Siege Tank  
  126  10:48  Terran Infantry Armor Level 2, Terran Infantry Weapons Level 2  
  126  10:49  Marine  
  127  10:50  Marine  
  127  10:52  Marine  
  127  10:53  Marine x2  
  127  10:55  Marine  
  130  11:02  Marine x2  
  131  11:09  Marine  
  131  11:10  Marine  
  128  11:12  Siege Tank  
  128  11:13  Marine x2  
  128  11:19  Marine x2  
  112  11:26  Marine x2  
  112  11:27  Marine x2  
  112  11:30  SCV x3, Barracks x2  
  112  11:31  Marine x2, Barracks  
  112  11:32  Sensor Tower  
  121  11:37  Missile Turret  
  121  11:40  Marine x2, Missile Turret  
  121  11:43  Medivac  
  121  11:44  Marine x2  
  121  11:45  Marine x2  
  129  11:57  Marine  
  129  11:58  Marine x3  
  133  12:02  Missile Turret  
  133  12:03  Missile Turret  
  133  12:07  Terran Vehicle Weapons Level 1  
  133  12:10  Marine  
  133  12:13  Medivac  
  133  12:14  Marine  
  131  12:17  Marine  
  131  12:18  Marine  
  133  12:23  Marine x3  
  133  12:24  Marine  
  133  12:28  Marine  
  133  12:31  Barracks Reactor x2, Medivac  
  133  12:32  Marine  
  133  12:34  Supply Depot x2  
  133  12:36  Marine x2  
  135  12:37  Supply Depot  
  135  12:42  Barracks Reactor  
  135  12:49  Sensor Tower  
  135  12:50  Marine x4, Command Center  
  139  12:52  Marine  
  139  12:55  Marine  
  118  13:05  Marine  
  109  13:15  Marine  
  109  13:16  Marine x4  
  109  13:18  Marine  
  109  13:19  Marine  
  113  13:23  Marine  
  111  13:28  Medivac x2  
  111  13:29  Siege Tank  
  111  13:32  Marine  
  111  13:34  Marine  
  116  13:38  Marine  
  112  13:44  Marine x5  
  117  13:50  Marine  
  117  13:52  Marine  
  116  13:58  Marine  
  96  14:11  Orbital Command  
  96  14:12  Marine  
  96  14:13  Marine x4  
  96  14:16  Marine  
  102  14:23  Marine  
  103  14:29  Marine  
  103  14:31  Marine x2  
  101  14:45  Marine x3  
  102  14:50  Marine  
  102  14:51  Marine  
Show
View Real Time Build Order
Export as new Build Order

HeroMarine Terran - Winner!

Build Orders: Reaper Expand 

Get SALT Encoding   

  12  0:00  SCV  
  13  0:12  SCV  
  14  0:17  Supply Depot  
  14  0:24  SCV  
  15  0:39  SCV  
  15  0:41  Barracks  
  16  0:44  Refinery  
  16  0:51  SCV  
  17  1:03  SCV  
  18  1:15  SCV  
  19  1:28  Orbital Command, Reaper  
  20  1:42  Command Center  
  20  1:52  Barracks  
  20  1:55  SCV  
  20  2:00  Barracks Reactor  
  21  2:07  Supply Depot  
  21  2:10  SCV  
  22  2:22  SCV  
  23  2:23  Factory  
  23  2:29  Refinery  
  23  2:34  SCV  
  24  2:38  Marine x2  
  24  2:39  Barracks Tech Lab  
  26  2:46  SCV  
  27  2:55  Orbital Command  
  27  2:58  SCV  
  28  3:00  Stimpack  
  28  3:01  Marine  
  28  3:03  Marine  
  30  3:07  Marine  
  30  3:10  SCV  
  32  3:16  Bunker  
  32  3:21  SCV  
  32  3:22  SCV  
  32  3:26  Starport  
  34  3:28  Factory Reactor  
  34  3:33  SCV  
  35  3:34  SCV  
  35  3:38  Marine x2  
  35  3:39  Marine  
  39  3:45  SCV  
  39  3:46  Supply Depot, SCV  
  41  3:54  Supply Depot  
  41  3:57  SCV, Marine x2  
  41  3:59  SCV, Marine  
  46  4:08  Refinery  
  46  4:09  SCV  
  47  4:11  SCV  
  47  4:15  Medivac x2  
  47  4:19  Marine  
  47  4:21  SCV  
  47  4:23  SCV, Marine  
  49  4:29  Marine  
  50  4:34  SCV, Factory Tech Lab  
  50  4:35  SCV  
  50  4:37  Marine  
  53  4:41  Marine  
  53  4:42  Supply Depot  
  54  4:45  Combat Shield  
  54  4:46  SCV  
  54  4:47  SCV, Marine  
  57  4:55  Siege Tank, Marine  
  57  4:58  SCV  
  62  5:03  Supply Depot  
  62  5:04  SCV, Marine  
  62  5:05  Marine  
  65  5:07  Supply Depot  
  65  5:13  Marine  
  65  5:14  Viking  
  67  5:16  SCV x2  
  69  5:22  Marine  
  67  5:28  Marine  
  67  5:31  Marine  
  68  5:36  Siege Tank, SCV x2  
  68  5:43  Marine  
  68  5:46  Marine  
  68  5:48  SCV x2  
  72  5:52  Medivac x2  
  76  5:57  Marine  
  76  6:00  SCV  
  76  6:01  SCV, Marine  
  80  6:04  Marine  
  80  6:11  Siege Tank  
  84  6:15  Marine  
  84  6:17  Supply Depot  
  85  6:18  Marine  
  86  6:31  SCV x2  
  83  6:33  Command Center  
  83  6:34  Marine  
  83  6:35  Marine  
  83  6:36  Marine  
  85  6:40  Viking  
  85  6:43  Siege Tank  
  85  6:46  SCV x2  
  90  6:52  Marine  
  85  6:54  Marine, Marauder  
  85  6:58  SCV x2  
  74  7:10  SCV, Marine  
  74  7:11  SCV  
  74  7:12  Marine  
  74  7:15  Marine  
  74  7:23  SCV x2  
  74  7:28  Marine  
  74  7:30  Siege Tank, Marine  
  74  7:32  Marine  
  69  7:41  Engineering Bay x2  
  67  7:45  Orbital Command, Medivac x2  
  67  7:46  SCV, Marine  
  67  7:47  SCV  
  74  7:51  Barracks  
  74  7:56  Marine  
  74  7:57  Marine  
  76  7:58  SCV  
  76  7:59  SCV  
  76  8:03  Refinery  
  78  8:07  Marine  
  78  8:11  SCV x2  
  78  8:14  SCV, Marine  
  78  8:15  Marine  
  78  8:17  Siege Tank  
  82  8:23  SCV  
  82  8:24  Viking  
  82  8:25  Marine  
  82  8:26  Viking  
  86  8:29  SCV  
  84  8:35  Marine x2  
  84  8:41  SCV x2  
  86  8:43  Marine  
  86  8:45  Terran Infantry Weapons Level 1, Terran Infantry Armor Level 1, Barracks Reactor  
  87  8:49  Supply Depot, Orbital Command  
  87  8:53  SCV x2, Marine  
  91  8:57  Viking  
  91  8:58  Viking  
  94  9:05  SCV x2  
  94  9:09  Siege Tank, Marine x2  
  101  9:11  Marine  
  101  9:12  Supply Depot  
  102  9:17  SCV  
  102  9:18  SCV x2  
  102  9:22  Supply Depot  
  105  9:24  Sensor Tower  
  105  9:29  SCV  
  105  9:30  SCV, Viking  
  109  9:32  Viking  
  109  9:34  SCV  
  109  9:37  Marine x2  
  114  9:40  Marine x3  
  114  9:41  SCV  
  114  9:42  SCV  
  117  9:52  SCV  
  113  9:53  SCV  
  113  9:57  Marine x2  
  113  9:58  Marine  
  120  10:00  Marine x2  
  120  10:03  Viking  
  124  10:11  Siege Tank, SCV x2  
  126  10:15  Marine x2  
  126  10:17  SCV  
  126  10:18  Refinery x2, Barracks  
  126  10:20  Barracks  
  129  10:23  SCV, Marine x2  
  131  10:28  Marine  
  131  10:32  Marine  
  131  10:33  Marine  
  133  10:46  Supply Depot  
  133  10:48  Supply Depot x2, Armory  
  133  10:51  Siege Tank, Marine x5  
  141  11:01  Medivac  
  141  11:02  Medivac  
  141  11:03  Orbital Command  
  138  11:07  SCV x2  
  138  11:09  Marine x5  
  128  11:19  SCV x2  
  128  11:25  Barracks Reactor  
  125  11:26  Barracks Reactor  
  125  11:27  Marine x2  
  125  11:30  SCV  
  125  11:31  SCV x2  
  125  11:32  Refinery  
  129  11:34  Terran Infantry Weapons Level 2  
  129  11:36  Terran Infantry Armor Level 2  
  129  11:40  Terran Vehicle Weapons Level 1  
  129  11:43  Marine x3  
  133  11:50  Siege Tank  
  138  11:56  Refinery  
  138  12:00  Command Center  
  138  12:01  Marine x3  
  136  12:07  Marine  
  139  12:08  Factory  
  139  12:10  Marine x2  
  139  12:12  Marine x2  
  140  12:18  SCV, Marine, Barracks Reactor  
  140  12:19  Marine x2  
  140  12:20  SCV x2  
  136  12:24  Marine  
  136  12:28  Marine x2  
  136  12:29  Marine  
  138  12:32  Siege Tank  
  138  12:34  Medivac x2  
  138  12:36  Supply Depot  
  146  12:38  Marine  
  146  12:39  Marine  
  146  12:41  Marine  
  149  12:47  Supply Depot, Sensor Tower  
  149  12:53  Missile Turret  
  149  12:57  Marine x2  
  149  12:58  Siege Tank  
  152  13:04  Siege Tank  
  152  13:05  Marine x2  
  137  13:09  Marine x2  
  137  13:11  Marine  
  120  13:15  Marine  
  120  13:16  Marine x4  
  125  13:20  Liberator x2  
  125  13:23  Marine x2  
  132  13:27  Marine x2  
  132  13:29  Marine  
  132  13:30  Siege Tank  
  132  13:33  Marine x2  
  137  13:36  Siege Tank  
  137  13:39  Marine x3  
  139  13:44  Marine  
  139  13:45  Marine x2  
  139  13:46  Marine  
  139  13:47  Marine  
  144  13:51  Marine x2  
  140  13:56  Marine  
  140  13:57  Marine x2  
  140  13:58  SCV x2  
  140  14:01  SCV  
  140  14:02  Siege Tank  
  144  14:08  Siege Tank  
  147  14:10  SCV x2  
  147  14:13  SCV  
  147  14:14  Planetary Fortress  
  150  14:20  Refinery  
  150  14:22  SCV x2  
  150  14:23  Marine  
  149  14:32  Marine x2  
  149  14:34  Siege Tank  
  154  14:40  Siege Tank  
  154  14:45  Marine  
  157  14:46  Marine  
  157  14:47  Marine  
  157  14:49  Marine x2  
  161  14:53  Marine  
  161  14:57  Marine  
  161  14:58  Marine x2  
  161  14:59  Marine  
Tags
 
Add a new tag
Caveats
  • Supply blocks, unpowered buildings, or Contaminate may cause inaccurate times.
  • Supply counts are checked every 10 seconds.